[Event "Early-Titled-Tuesday-Blitz-February-27-2024"]
[Site "Chess.com"]
[Date "2024.02.27"]
[Round "1"]
[White "FLYD"]
[Black "Fighter008"]
[Result "1-0"]
[WhiteElo "1824"]
[BlackElo "2527"]
[TimeControl "180+1"]
[EndTime "8:08:25 PST"]
[Termination "FLYD won by resignation"]

1. e4 c5 2. Nf3 e6 3. d4 cxd4 4. Nxd4 Nc6 5. Nc3 Nf6 6. Nxc6 bxc6 7. Bd3 d5 8. O-O Be7 9. e5 Nd7 10. f4 O-O 11. Rf3 f5 12. b3 c5 13. Bb2 Bb7 14. Rg3 d4 15. Nb5 Nb6 16. Qh5 Rf7 17. Qh6 g6 18.
Rd1 Rg7 19. a4 Nd5 20. Bc4 a6 21. Nd6 Bxd6 22. exd6 Qxd6 23. Rf1 Nf6 24. c3 Ne4 25. cxd4 Nxg3 26. dxc5 Qxc5+ 27. Rf2 Nh5 28. Bxe6+ Kh8 29. Be5 Rd8 30. Bc4 Rd1+ 31. Bf1 Rd3 32. Bxd3 Qc1+ 33.
Bf1 Bd5 34. Qg5 Qc8 35. g4 fxg4 36. Bxg7+ Nxg7 37. Qxd5 h5 38. Re2 Qc7 39. Qe5 Qb6+ 40. Qe3 Qd6 41. Kh1 Kh7 42. Bg2 h4 43. Qe4 Nf5 44.
Qb7+ Kh6 45. Qe4 Qd1+ 46. Re1 Qd2 47. Qe2 Qd4 48. a5 h3 49. Bf1 Qd5+ 50. Qe4 Qxa5 51. Bd3 Qd2 52. Qe2 Qxf4 53. Rf1 Qg5 54. Bxf5 gxf5 55. Qe6+ Kh5 56. Qe8+ Kh4 57. Qh8+ Qh5 58. Qxh5+ Kxh5 59. Rxf5+ Kh4 60. Ra5 g3 61. hxg3+ Kg4 62.
Rxa6 h2 63. b4 Kh3 64. b5 Kxg3 65. b6 1-0

[Event "Early-Titled-Tuesday-Blitz-February-27-2024"]
[Site "Chess.com"]
[Date "2024.02.27"]
[Round "1"]
[White "Cayse"]
[Black "killer_dreams"]
[Result "0-1"]
[WhiteElo "2822"]
[BlackElo "2500"]
[TimeControl "180+1"]
[EndTime "8:08:27 PST"]
[Termination "killer_dreams won on time"]

1. e4 c5 2. Nf3 d6 3. Bb5+ Nd7 4. d4 cxd4 5. Qxd4 a6 6. Bxd7+ Bxd7 7. O-O e5 8. Qd3 Rc8 9. c4 h6 10. Nc3 Nf6 11. a4 Be7 12. b3 O-O 13. Ba3 Qc7 14. Nxe5 dxe5 15. Bxe7 Rfe8 16. Bxf6 gxf6 17. Nd5 Qd8 18.
Nxf6+ Qxf6 19. Qxd7 b6 20. Rad1 Rcd8 21. Qg4+ Kh8 22.
g3 a5 23. Rxd8 Rxd8 24. Rd1 Rxd1+ 25. Qxd1 Kg7 26. Kg2 Qc6 27. Qd5 Qf6 28. h4 Qe7 29.
Kf1 Qc7 30. Ke2 Qe7 31. Kd3 Qc7 32. c5 bxc5 33. Kc4 Kg6 34. Qxc5 Qb7 35. f3 Qa6+ 36. Kc3 Qe2 37. Qxe5 Qe1+ 38. Kc4 Qb4+ 39. Kd5 Qxb3+ 40. Kd6 Qxa4 41. h5+ Kh7 42. Ke7 Qb4+ 43. Kxf7 Qb7+ 44. Kf6 Qc6+ 45. Kf5 a4 46. Qe7+ Kg8 47. Qd8+ Kf7 48. Qa5 Qf6+ 49. Kg4 Qg5+ 50. Qxg5 hxg5 51. h6 a3 52. e5 a2 53. Kxg5 a1=Q 54. f4 Qa8 55. f5 Qe4 56. e6+ Kg8 57. g4 Kh7 58. Kf6 Qxg4 59.
e7 Qd4+ 60. Ke6 Qe4+ 61. Kd6 Kxh6 62. Kd7 Qd5+ 0-1

[Event "Early-Titled-Tuesday-Blitz-February-27-2024"]
[Site "Chess.com"]
[Date "2024.02.27"]
[Round "1"]
[White "FoxOnTheRun97"]
[Black "conformalfunction"]
[Result "1-0"]
[WhiteElo "2660"]
[BlackElo "2359"]
[TimeControl "180+1"]
[EndTime "8:08:27 PST"]
[Termination "FoxOnTheRun97 won by resignation"]

1. d4 Nf6 2. Bg5 g6 3. Bxf6 exf6 4. e3 Bg7 5. g3 d5 6. Bg2 c6 7. Ne2 O-O 8. O-O Bg4 9. h3 Be6 10. Nf4 Re8 11. c4 dxc4 12. Na3 Qd7 13. Nxe6 Qxe6 14. Qc2 f5 15. Qxc4 Nd7 16. Rac1 Nb6 17. Qxe6 fxe6 18.
b3 Rad8 19. Rc2 e5 20. dxe5 Bxe5 21. Nc4 Nxc4 22. bxc4 Rd3 23. Rb1 Re7 24. Bf3 Rc3 25. Rxc3 Bxc3 26. Rd1 Kg7 27. Kg2 Kf6 28. Rd8 Ba5 29.
Ra8 Bb6 30. a4 Ke6 31. a5 Bxa5 32. Rxa7 Bb6 33. Ra8 Bc7 34. h4 Rd7 35. g4 Rg7 36.
Re8+ Kd7 37. Rh8 fxg4 38. Bxg4+ Kd6 39. f4 Kc5 40. Be2 b5 41. cxb5 cxb5 42. Kf3 Rf7 43.
Bd1 Kb4 44. Ra8 Kc3 45. Ra1 b4 46. Rc1+ Kd2 47. Rb1 Kc3 48. Bb3 Re7 49. Bd5 Bb6 50. e4 Ra7 51. f5 gxf5 52. exf5 Kd4 53. Be6 Ra3+ 54. Kg4 Bc5 55. Rc1 Bd6 56. Rc6 Ra8 57. Rxd6+ Ke5 58. Rb6 Ra4 59. Kg5 Ra1 60. Rxb4 Rg1+ 61.
Rg4 Rxg4+ 62. Kxg4 Kf6 63. Kf4 h6 64. Kg4 Kg7 65. Kh5 Kf6 66. Kxh6 Ke7 67. Kg7 1-0

[Event "Early-Titled-Tuesday-Blitz-February-27-2024"]
[Site "Chess.com"]
[Date "2024.02.27"]
[Round "1"]
[White "RantomOpening"]
[Black "ZuraTqebuchava"]
[Result "1-0"]
[WhiteElo "2587"]
[BlackElo "2203"]
[TimeControl "180+1"]
[EndTime "8:08:27 PST"]
[Termination "RantomOpening won on time"]

1. e4 g6 2. d4 Bg7 3. Nc3 c6 4. Be3 d6 5. h3 Nd7 6. Nf3 b5 7. Qd2 b4 8. Ne2 a5 9. Ng3 Nb6 10. Bd3 Ba6 11. Bxa6 Rxa6 12. Qd3 Ra8 13. O-O Nf6 14.
a3 O-O 15. a4 Qc8 16. b3 Rd8 17. Rad1 Qa6 18. Qxa6 Rxa6 19. Rfe1 Nfd7 20. Bg5 Bf6 21. Bh6 Bg7 22. Bxg7 Kxg7 23. h4 h5 24. e5 d5 25.
e6 fxe6 26. Rxe6 Nc8 27. Rde1 Nf8 28. R6e2 Ra7 29. Ne5 Rc7 30. f4 Nd7 31. Nd3 Nf6 32.
f5 gxf5 33. Nxf5+ Kf7 34. Ne5+ Kf8 35. Ng6+ Kf7 36. Ngxe7 Ne4 37. Nxc8 Rcxc8 38. Rf1 Kg6 39. Ne7+ Kg7 40. Nxc8 Rxc8 41. Rf4 Kh6 42. Rexe4 dxe4 43. Rxe4 Kg6 44. Re5 Rd8 45. Rg5+ Kh6 46. Rxa5 Rxd4 47. Rc5 Rd6 48. a5 Kg7 49. a6 Rd1+ 50. Kf2 Ra1 51. Rxc6 Kf7 52. g4 hxg4 53. h5 Ra2 54. h6 Kg8 55. Kg3 Kh7 56. Kxg4 Ra5 57. Rb6 Ra2 58. Rc6 Ra1 59. Kf3 Ra2 60. Ke3 Ra1 61. Kd3 Ra2 62. Kd4 Ra1 63. Kc4 Ra2 64. Kxb4 Ra1 65. c4 1-0

[Event "Early-Titled-Tuesday-Blitz-February-27-2024"]
[Site "Chess.com"]
[Date "2024.02.27"]
[Round "1"]
[White "Rikikits"]
[Black "Yerlan-Ra"]
[Result "1-0"]
[WhiteElo "2843"]
[BlackElo "2476"]
[TimeControl "180+1"]
[EndTime "8:08:28 PST"]
[Termination "Rikikits won by resignation"]

1. d4 Nf6 2. c4 g6 3. Nf3 Bg7 4. g3 d6 5. Bg2 O-O 6. O-O Nc6 7.
Nc3 a6 8. d5 Na5 9. Nd2 c5 10.
Qc2 e5 11. b3 Bf5 12. e4 Bd7 13. a4 Ne8 14. Bb2 Nc7 15. f4 b5 16. axb5 axb5 17.
Ra2 Nb7 18. Rfa1 exf4 19. gxf4 Qh4 20. Ne2 Bg4 21. Bxg7 Kxg7 22. Ng3 Qf6 23. Rxa8 Qd4+ 24. Kh1 Rxa8 25. Rf1 Ra1 26. h3 Rxf1+ 27. Ndxf1 Bd1 28. Qa2 bxc4 29. bxc4 h5 30. e5 h4 31. Ne4 dxe5 32.
fxe5 Qxe5 33. Qf2 Qd4 34. Qxd4+ cxd4 35. Nfd2 Na6 36. Bf3 Bc2 37. Kg1 f5 38. Ng5 Nd6 39. Ne6+ Kf6 40. Nxd4 Bd3 41. Be2 Ke5 42. Nc6+ Kf4 43.
Bxd3 Ke3 44. c5 Nxc5 45. Nc4+ Kxd3 46. Nxd6 f4 47. Kf2 g5 48. Kf3 Nb3 49. Nf5 Nd2+ 50.
Kg4 f3 51. Ne5+ Ke2 52. Nd4+ Ke3 53. Ndxf3 Ne4 54. Nxg5 Nf6+ 55. Kxh4 Nxd5 56. Kg4 Kd4 57. Nef7 Nf6+ 58. Kf5 Nh5 59. Ne6+ Kd5 60. Nf4+ Nxf4 61.
Kxf4 Ke6 62. Ne5 Kf6 63. h4 Kg7 64. Kg5 1-0

[Event "Early-Titled-Tuesday-Blitz-February-27-2024"]
[Site "Chess.com"]
[Date "2024.02.27"]
[Round "1"]
[White "leschebaza"]
[Black "bazar-wokzal"]
[Result "0-1"]
[WhiteElo "2378"]
[BlackElo "2678"]
[TimeControl "180+1"]
[EndTime "8:08:31 PST"]
[Termination "bazar-wokzal won by checkmate"]

1. Nf3 c5 2. c4 g6 3. Nc3 Bg7 4. e3 Nc6 5. d4 cxd4 6. exd4 d6 7.
d5 Ne5 8. Nxe5 Bxe5 9. Bd3 Bxc3+ 10. bxc3 Qa5 11. O-O Nf6 12. Re1 e5 13. dxe6 Bxe6 14.
Be3 O-O 15. Bd4 Nd7 16. Qf3 Ne5 17. Qf6 Qd8 18. Bxe5 dxe5 19. Qf3 Qc7 20. Rab1 b6 21. Rb5 f6 22. h4 Rad8 23. Rb4 Qd7 24. Be4 f5 25.
Bc2 e4 26. Qe3 Qd2 27. Bb3 Qxe3 28. Rxe3 Rd3 29. Rb5 Rfd8 30. Re5 Kf7 31. Re2 Rd2 32.
Re1 Kf6 33. Rb5 R8d6 34. c5 bxc5 35. Rxc5 Bxb3 36. axb3 Rb2 37. b4 Rdd2 38. Rf1 Ra2 39. Rc6+ Kg7 40. Re6 Rdc2 41. Rd1 Rxf2 42. Rd7+ Kh6 43. Rxa7 Rxg2+ 44. Kf1 Rxa7 45. Kxg2 Rc7 46. b5 Rxc3 47. b6 Rb3 48. Rc6 Kh5 49. Rc7 h6 50. Rh7 Rxb6 51. Kg3 Rb3+ 52. Kf4 Rf3+ 53. Ke5 e3 54.
Kf6 e2 55. Kg7 e1=Q 56. Rxh6+ Kg4 57. Rxg6+ Kf4 58. Rh6 Qe5+ 59. Kg6 Rg3+ 60. Kh5 Qe8+ 61. Rg6 Qxg6# 0-1

[Event "Early-Titled-Tuesday-Blitz-February-27-2024"]
[Site "Chess.com"]
[Date "2024.02.27"]
[Round "1"]
[White "GoltsevDmitry2000"]
[Black "KanalSzachowy"]
[Result "0-1"]
[WhiteElo "2771"]
[BlackElo "2464"]
[TimeControl "180+1"]
[EndTime "8:08:33 PST"]
[Termination "KanalSzachowy won by checkmate"]

1. e4 c5 2. Nf3 Nc6 3. d4 cxd4 4. Nxd4 Nf6 5. Nc3 e5 6. Nf5 d5 7. exd5 Bxf5 8. dxc6 bxc6 9. Bd3 Qd7 10. Bxf5 Qxf5 11. Qd3 Qe6 12. O-O Be7 13. Bg5 O-O 14. Rad1 Rad8 15. Qa6 Qg4 16. Bxf6 Bxf6 17. Qxc6 Rc8 18.
Qa6 e4 19. Nd5 Rxc2 20. Nxf6+ gxf6 21. Qxf6 Qg7 22. Qa6 e3 23. Rde1 exf2+ 24. Rxf2 Qd4 25. Rf1 Re8 26. Qf6 Qxf6 27. Rxf6 Ree2 28. R1f2 Re1+ 29. Rf1 Ree2 30. R6f2 Rxb2 31. Rxe2 Rxe2 32. Rf2 Re1+ 33. Rf1 Re2 34. Ra1 Rb2 35. a4 Kg7 36. h3 a5 37. Kh2 Rb4 38. Kg3 h5 39. Kf3 h4 40.
Ra2 Kg6 41. Ra1 Kg5 42. Ra3 Rf4+ 43. Ke3 Rb4 44. Ra2 f5 45. Kd3 Rf4 46. Kc3 Rb4 47. Ra1 Rb8 48. Kc4 Rb4+ 49. Kc5 Rb8 50. Rc1 Rc8+ 51.
Kb5 Rxc1 52. Kxa5 Rc2 53. Kb6 Rxg2 54. a5 Ra2 55. a6 f4 56. a7 f3 57. Kb7 Rxa7+ 58.
Kxa7 f2 59. Kb6 f1=Q 60. Kc6 Qxh3 61. Kd6 Qe3 62. Kd7 h3 63. Kd6 h2 64. Kc7 h1=Q 65.
Kb8 Qd1 66. Kb7 Qee2 67. Kb6 Qec2 68. Ka5 Qdb1 69. Ka6 Qca2# 0-1

[Event "Early-Titled-Tuesday-Blitz-February-27-2024"]
[Site "Chess.com"]
[Date "2024.02.27"]
[Round "1"]
[White "sergoy"]
[Black "anasta10"]
[Result "1-0"]
[WhiteElo "3076"]
[BlackElo "2535"]
[TimeControl "180+1"]
[EndTime "8:08:34 PST"]
[Termination "sergoy won by resignation"]

1. d4 Nf6 2. c4 e6 3. Nf3 d5 4. Nc3 Be7 5. Bf4 O-O 6. e3 c6 7. h3 Re8 8. Qc2 Nbd7 9. Rd1 Nf8 10. Bd3 Bd6 11. Ne5 Ng6 12. Bh2 Qc7 13. f4 dxc4 14.
Bxc4 a6 15. O-O c5 16. Bd3 cxd4 17. exd4 b5 18. Ne4 Nxe4 19. Qxc7 Bxc7 20. Bxe4 Rb8 21.
Rc1 Bb6 22. Nc6 Rb7 23. Kh1 f5 24. Bf3 Rd7 25. Rfe1 Kf8 26. Nb8 Rxd4 27. Bg1 Rd6 28. Bxb6 Rxb6 29. Rxc8 Rxb8 30. Rc6 Nxf4 31. Rxa6 e5 32.
Rf1 g6 33. g4 Re7 34. b3 Rd8 35. a4 bxa4 36. bxa4 Nd3 37. gxf5 gxf5 38. Be4 Nf4 39. Bxf5 Rd2 40. Ra8+ Kf7 41. a5 Rc7 42. a6 Ra2 43. Rd1 Kf6 44. Rf8+ Kg7 45. Rc8 Ra7 46. Rg1+ Kh6 47.
Rc6+ Ng6 48. Bxg6 hxg6 49. Rcxg6+ Kh7 50. R6g5 R2xa6 51. Rxe5 Rh6 52. Re3 Rg7 53. Rf1 Rg5 54. Kh2 Rg7 55. Rf2 Rgg6 56. Re4 Rg7 57. Re5 Rgg6 58.
Re8 Rg7 59. Rff8 Ra6 60. Rh8+ Kg6 61. Re2 Rf6 62. Rg2+ Kf7 63. Rd2 Kg6 64. Rh4 Kf7 65.
Rd7+ Kf8 66. Rh8+ Rg8 67. Rd8+ 1-0

[Event "Early-Titled-Tuesday-Blitz-February-27-2024"]
[Site "Chess.com"]
[Date "2024.02.27"]
[Round "1"]
[White "Grischuk"]
[Black "As0nchess"]
[Result "1-0"]
[WhiteElo "3051"]
[BlackElo "2532"]
[TimeControl "180+1"]
[EndTime "8:08:35 PST"]
[Termination "Grischuk won on time"]

1. d4 Nf6 2. c4 e6 3. Bg5 d5 4. e3 Bb4+ 5. Nc3 h6 6. Bh4 g5 7.
Bg3 Ne4 8. Qc2 h5 9. f3 Nxg3 10.
hxg3 c5 11. dxc5 dxc4 12. Bxc4 Nc6 13. Ne2 Bxc5 14. Rd1 Qb6 15. Na4 Qa5+ 16. Kf2 Be7 17. a3 Bd7 18. Nac3 Rd8 19. Ba2 Qe5 20. b4 h4 21. gxh4 gxh4 22. Ne4 a5 23. b5 Qxb5 24. Nd6+ Bxd6 25. Rxd6 Bc8 26. Rxd8+ Kxd8 27. Nf4 Kc7 28. Bb3 Bd7 29. Ba4 Qe5 30. Rb1 Rb8 31. Qd2 Qd6 32. Qc3 b6 33. Rc1 Kb7 34. Rd1 Qc7 35.
Qf6 Be8 36. Qxh4 Ne5 37. Bxe8 Rxe8 38. Re1 Qc2+ 39. Re2 Qc5 40. Qf6 Rc8 41. Rd2 Rc7 42. Re2 Nc4 43. a4 Qc6 44. Qa1 Nd6 45. Qa3 Nf5 46. Qb3 Qc5 47. Rb2 Rd7 48. Ne2 Rd6 49. g4 Ne7 50. Rc2 Qd5 51. Qxd5+ Nxd5 52. Nd4 Nb4 53. Rc3 Nc6 54. Nb5 1-0

[Event "Early-Titled-Tuesday-Blitz-February-27-2024"]
[Site "Chess.com"]
[Date "2024.02.27"]
[Round "1"]
[White "banhgiahuy2606"]
[Black "UK_23"]
[Result "1/2-1/2"]
[WhiteElo "2641"]
[BlackElo "2344"]
[TimeControl "180+1"]
[EndTime "8:08:35 PST"]
[Termination "Game drawn by repetition"]

1. c4 e6 2. Nf3 d5 3. g3 Nf6 4. Bg2 c5 5. O-O dxc4 6. Qa4+ Bd7 7. Qxc4 Nc6 8. Nc3 Rc8 9. Rd1 a6 10. a4 Qc7 11. d3 Bd6 12. Bg5 O-O 13. Bxf6 gxf6 14. Qh4 Be7 15. Ne4 Qd8 16. d4 Nxd4 17. Nxd4 cxd4 18. Nd2 d3 19. exd3 f5 20. Qh5 Bc6 21.
Bxc6 Rxc6 22. Nf3 Bf6 23. d4 Qd5 24. Kg2 Rfc8 25. Qh6 Bg7 26. Qe3 Rc2 27. Rd2 Qe4 28.
Rad1 R8c4 29. b3 Qxe3 30. fxe3 Rxd2+ 31. Rxd2 Rc3 32. d5 exd5 33. Rxd5 Rxb3 34. Rd8+ Bf8 35. Nd4 Rxe3 36. Nxf5 Re6 37. g4 b5 38. axb5 axb5 39.
Rb8 b4 40. Kf3 f6 41. h4 Kf7 42. Rb7+ Be7 43. Nxe7 Rxe7 44. Rxb4 Ra7 45. Kf4 Kg6 46. h5+ Kg7 47. Kf5 Ra5+ 48. Ke6 Ra6+ 49. Kf5 Ra5+ 50. Kf4 Ra7 51. Rb6 h6 52. Rd6 Rb7 53. Kf5 Rb5+ 54. Ke4 Rb4+ 55. Kf3 Rb7 56. Ke4 Ra7 57. Rc6 Rb7 58.
Kd5 Re7 59. Kd6 Re4 60. Rc7+ Kg8 61. Kd5 Rxg4 62. Ke6 Rf4 63. Rc8+ Kg7 64. Rc7+ Kg8 65. Rc8+ Kg7 66. Rc7+ Kg8 1/2-1/2

[Event "Early-Titled-Tuesday-Blitz-February-27-2024"]
[Site "Chess.com"]
[Date "2024.02.27"]
[Round "1"]
[White "ActorXu"]
[Black "Chessbard1972"]
[Result "1-0"]
[WhiteElo "2828"]
[BlackElo "2464"]
[TimeControl "180+1"]
[EndTime "8:08:36 PST"]
[Termination "ActorXu won by checkmate"]

1. e4 c5 2. Nf3 a6 3. c4 e6 4. Nc3 Qc7 5. d4 cxd4 6. Nxd4 Nf6 7.
a3 b6 8. Be3 Bb7 9. f3 Nc6 10.
Rc1 Ne5 11. Be2 Ng6 12. Qd2 h5 13. b4 h4 14. Na4 Bd6 15. Nxb6 Bxh2 16. Nxa8 Bg3+ 17.
Kd1 Bxa8 18. c5 O-O 19. Bxa6 d5 20. cxd6 Qxd6 21. Bb5 Rd8 22. Rc3 Nf4 23. Kc2 Bxe4+ 24.
Kb2 Bb7 25. Rhc1 N6d5 26. Bg1 Nxc3 27. Qxc3 Nd5 28. Qc5 Qf4 29. Ne2 Qf6+ 30. Bd4 Be5 31. Bxe5 Qxe5+ 32. Qd4 Qxd4+ 33. Nxd4 Nf4 34. Rc7 Bd5 35. Bf1 e5 36. Nc2 e4 37. fxe4 Bxe4 38. Ne3 Nxg2 39. Nxg2 Rd2+ 40. Kc3 Rc2+ 41. Kd4 Rxc7 42.
Kxe4 Rc3 43. Nxh4 Rxa3 44. Kd4 g5 45. Nf5 Rf3 46. Bd3 Rf4+ 47. Kc5 g4 48. b5 Rf2 49. b6 Rb2 50. Bb5 Rc2+ 51. Kd6 Rc8 52.
Ne7+ Kg7 53. Nxc8 g3 54. Bf1 g2 55. Bxg2 f5 56. b7 f4 57. b8=Q f3 58. Qc7+ Kf6 59. Bxf3 Kf5 60. Qf7+ Kg5 61. Qh5+ Kf4 62. Qg4+ Ke3 63. Bd5 Kd3 64. Nb6 Ke3 65. Qf3+ Kd2 66. Kc5 Kc2 67. Kc4 Kd2 68. Qf2+ Kd1 69. Kc3 Kc1 70. Qf1# 1-0

[Event "Early-Titled-Tuesday-Blitz-February-27-2024"]
[Site "Chess.com"]
[Date "2024.02.27"]
[Round "1"]
[White "Leebit02"]
[Black "BilodeauA"]
[Result "1-0"]
[WhiteElo "2546"]
[BlackElo "3008"]
[TimeControl "180+1"]
[EndTime "8:08:37 PST"]
[Termination "Leebit02 won by resignation"]

1. e4 c5 2. Nf3 Nc6 3. d4 cxd4 4.
Nxd4 Nf6 5. Nc3 d6 6. Bg5 e6 7. Qd2 a6 8. O-O-O Bd7 9. f3 Be7 10. Kb1 Rc8 11. g4 Ne5 12. h4 b5 13. a3 h5 14. gxh5 Nxh5 15. Rg1 g6 16. f4 Nc4 17.
Bxc4 Rxc4 18. f5 Nf6 19. fxg6 fxg6 20. e5 dxe5 21. Nf3 Qc7 22. Nxe5 Qxe5 23. Bxf6 Qxf6 24. Qxd7+ Kf7 25. Rdf1 Rf4 26. Rxf4 Qxf4 27. Qd3 Ke8 28. Qxg6+ Kd7 29. Rd1+ Kc6 30. Qxe6+ Bd6 31. Ne4 Rh6 32. Qd5+ Kc7 33. Ng5 Qg3 34. Ne6+ Kd7 35. Nd4 Rf6 36. Qc6+ Ke7 37. Qb7+ Kf8 38. Nc6 Qg4 39.
Qa8+ Kg7 40. Rc1 Bf4 41. Re1 Bg3 42. Re7+ Rf7 43. Rxf7+ Kxf7 44. Qb7+ Kf6 45. Qxa6 Bxh4 46. Nd4+ Ke5 47. Nxb5 Qd1+ 48. Ka2 Qxc2 49. Nc3 Qh7 50. Qe2+ Kf4 51. Qc4+ Kg5 52. Ne4+ Kh5 53. Qe2+ Kh6 54. Qg4 Qf7+ 55. b3 Be7 56. Qh3+ Kg7 57. Qg4+ Kf8 58.
Qe2 Qd5 59. Qf3+ Ke8 60. Nf6+ Bxf6 61. Qxd5 1-0

[Event "Early-Titled-Tuesday-Blitz-February-27-2024"]
[Site "Chess.com"]
[Date "2024.02.27"]
[Round "1"]
[White "Anton_Demchenko"]
[Black "Fdpo95"]
[Result "1-0"]
[WhiteElo "2906"]
[BlackElo "2506"]
[TimeControl "180+1"]
[EndTime "8:08:37 PST"]
[Termination "Anton_Demchenko won by resignation"]

1. e4 c5 2. Nf3 e6 3. g3 Nc6 4. Bg2 d5 5. exd5 exd5 6. O-O Be7 7. d4 cxd4 8. Nxd4 Nf6 9. Nc3 O-O 10. Be3 Bg4 11. f3 Be6 12. Bf2 Bb4 13. Nce2 Rc8 14. c3 Bd6 15. Qd2 Re8 16. Rfe1 Ne5 17. b3 Ng6 18. Rad1 a6 19. Nxe6 fxe6 20. Nd4 e5 21.
Nf5 Bf8 22. Bh3 Qc7 23. Ne3 Rcd8 24. Ng4 Bc5 25. Nxf6+ gxf6 26. Bf5 Kg7 27. Kg2 Qb6 28. Bxc5 Qxc5 29. Re3 Ne7 30. Bb1 Nc6 31. Qd3 e4 32. Qd2 f5 33. Ree1 Qe7 34. Qf4 Qf6 35. c4 exf3+ 36.
Qxf3 dxc4 37. bxc4 Rxe1 38. Rxe1 Rd2+ 39. Kh1 Qb2 40.
Bxf5 Rxh2+ 41. Kg1 h5 42. Bd7 Ne5 43. Rxe5 Qxe5 44.
Kxh2 Qb2+ 45. Kh3 Qd4 46. Qd5 Qg1 47. Bf5 Kf6 48. Be4 Qf1+ 49. Bg2 Qa1 50. Kh2 h4 51.
gxh4 Qe1 52. Qg5+ Kf7 53. Qf5+ Kg7 54. Qg4+ Kf7 55. Qf4+ Ke8 56. Qg3 Qd1 57. c5 b6 58.
cxb6 Qb1 59. b7 1-0

[Event "Early-Titled-Tuesday-Blitz-February-27-2024"]
[Site "Chess.com"]
[Date "2024.02.27"]
[Round "1"]
[White "angelgab3"]
[Black "sorch29"]
[Result "0-1"]
[WhiteElo "2706"]
[BlackElo "2429"]
[TimeControl "180+1"]
[EndTime "8:08:41 PST"]
[Termination "sorch29 won by resignation"]

1. e4 c5 2. Nf3 Nc6 3. Bb5 d6 4. O-O Bd7 5. Re1 a6 6. Bf1 Bg4 7. c3 Nf6 8. d4 cxd4 9. cxd4 e5 10. d5 Nd4 11. Be3 Nxf3+ 12. gxf3 Bd7 13. Nd2 b5 14. a4 bxa4 15. Nc4 Bb5 16. Nb6 Rb8 17. Nxa4 Be7 18.
Bxb5+ Rxb5 19. Qe2 O-O 20. Nc3 Ra5 21. b4 Rxa1 22.
Rxa1 Qb8 23. Ra4 Rc8 24. Bd2 Nh5 25. Qxa6 Nf4 26. Bxf4 exf4 27. Ne2 Bg5 28. Nd4 Qc7 29. Nc6 Qd7 30. b5 Qh3 31. Qxc8+ Qxc8 32. b6 h5 33. Ra7 Qh3 34. b7 Qxf3 35. b8=Q+ Kh7 36. Qb1 Qg4+ 37. Kf1 f3 38. e5+ Kh6 39. Qd3 Qg2+ 40. Ke1 Qg1+ 41. Qf1 Bd2+ 42. Kxd2 Qxf1 43. exd6 Qxf2+ 44. Kc3 Qe3+ 45. Kc4 f2 46. Ra1 Qe2+ 47. Kc5 f1=Q 48. Rxf1 Qxf1 49. d7 Qc1+ 50. Kd6 Qf4+ 51. Ke7 Qe4+ 52. Kf8 Qxd5 53. d8=Q Qxc6 54. Qd2+ g5 55. Kxf7 Qg6+ 56. Ke7 h4 57. h3 Kh5 58. Qe2+ g4 59. hxg4+ Qxg4 60. Qc2 Qg5+ 61.
Kd7 h3 62. Qh7+ Kg4 63. Qe4+ Qf4 64. Qg6+ Kf3 65. Qd3+ Qe3 66. Qf5+ Kg3 67. Qg6+ Kf2 68. Qf5+ Qf3 69. Qc2+ Kg3 70. Qg6+ Qg4+ 71. Qxg4+ Kxg4 72. Ke7 h2 73. Kf8 h1=Q 74. Ke8 Qd5 0-1

[Event "Early-Titled-Tuesday-Blitz-February-27-2024"]
[Site "Chess.com"]
[Date "2024.02.27"]
[Round "1"]
[White "dealshark"]
[Black "Aslanov_Umid"]
[Result "0-1"]
[WhiteElo "2360"]
[BlackElo "2666"]
[TimeControl "180+1"]
[EndTime "8:08:41 PST"]
[Termination "Aslanov_Umid won by checkmate"]

1. Nf3 d5 2. e3 Nf6 3. c4 e6 4.
Nc3 Be7 5. b3 dxc4 6. Bxc4 b6 7.
Bb2 Bb7 8. O-O O-O 9. d4 c5 10. Qe2 Nbd7 11. Rfd1 a6 12. a4 Qc7 13. Rac1 Bc6 14. Bd3 Qb7 15. Ne1 cxd4 16. exd4 Nd5 17. Nxd5 Bxd5 18. Bc4 Nf6 19. Bxd5 Nxd5 20. Nd3 Rac8 21.
Qf3 Rxc1 22. Rxc1 Rc8 23. Ne5 Rxc1+ 24. Bxc1 Bf6 25. Bd2 Qc7 26. Nc4 Bxd4 27. Qe4 Bf6 28. h3 b5 29. axb5 axb5 30. Ne3 Nxe3 31. Bxe3 h6 32.
Qd3 Qc6 33. Qe2 Kh7 34. Qd3+ g6 35. g3 Kg7 36. Bd2 Qd5 37. Qe3 Bg5 38. Qc3+ Bf6 39. Qe3 g5 40. h4 Qd4 41. hxg5 hxg5 42. Qxd4 Bxd4 43. Bxg5 f5 44. Bd2 e5 45. Kg2 Kf6 46. Kf3 e4+ 47. Ke2 Ke5 48. Bf4+ Kd5 49. f3 exf3+ 50.
Kxf3 Bc5 51. Ke2 Bb4 52. Kd3 Be1 53. Bc7 Kc5 54. g4 fxg4 55. Ke4 g3 56. Kf3 Kb4 57. Bd6+ Kxb3 58. Bxg3 Bxg3 59. Ke2 Kc3 60. Kd1 Kb2 61. Kd2 b4 62. Kd3 b3 63. Kc4 Ka2 64. Kc3 b2 65. Kd2 b1=Q 66. Ke2 Qb2+ 67. Kf3 Qc3+ 68. Ke2 Qe1+ 69.
Kd3 Qf2 70. Kc3 Qe3+ 71. Kb4 Qd4+ 72. Ka5 Qc5+ 73. Ka4 Qc6+ 74. Kb4 Be1# 0-1

[Event "Early-Titled-Tuesday-Blitz-February-27-2024"]
[Site "Chess.com"]
[Date "2024.02.27"]
[Round "1"]
[White "Kostya0705"]
[Black "martinmena"]
[Result "0-1"]
[WhiteElo "2578"]
[BlackElo "2235"]
[TimeControl "180+1"]
[EndTime "8:08:42 PST"]
[Termination "martinmena won on time"]

1. e4 c6 2. d4 d5 3. e5 Bf5 4. Nf3 e6 5. Be2 c5 6. Be3 Nc6 7. Nc3 cxd4 8. Nxd4 Nxd4 9. Bxd4 Ne7 10. O-O Nc6 11.
g4 Bg6 12. f4 Bxc2 13. Qxc2 Nxd4 14. Qa4+ Nc6 15. f5 Bc5+ 16. Kh1 O-O 17. f6 Nxe5 18.
g5 Ng6 19. Qg4 d4 20. Ne4 d3 21. fxg7 Kxg7 22. Nf6 Qd4 23. Qh3 Qh4 24. Nh5+ Kh8 25. Qxd3 Rad8 26. Qf3 Bd4 27. Qg2 Be5 28. Rad1 Nf4 29.
Nxf4 Bxf4 30. Rde1 Rd2 31. Rf2 Be5 32. Ref1 Rd4 33.
Rxf7 Rxf7 34. Rxf7 Rf4 35. Rxf4 Qxf4 36. h3 Qc1+ 37.
Qg1 Qxg1+ 38. Kxg1 Bxb2 39. Kf2 Bc1 40. h4 Kg7 41. Bf3 b6 42. Kg3 Kg6 43. Kg4 a5 44.
Be4+ Kg7 45. h5 h6 46. g6 Kf6 47. Kf3 e5 48. Ke2 Bb2 49. Kd3 b5 50. Bc6 b4 51.
Kc4 Bc3 52. Be4 Be1 53. Kb3 Bd2 54. Ka4 Be1 55. Bd5 Bd2 56. Bb3 Bc3 57. Kxa5 e4 58.
Kb5 e3 59. Bc4 Kg5 60. Kc5 Kxh5 61. Bd3 e2 62. Bxe2+ Kxg6 63. Kc4 h5 64. a4 Be1 65.
a5 h4 0-1

[Event "Early-Titled-Tuesday-Blitz-February-27-2024"]
[Site "Chess.com"]
[Date "2024.02.27"]
[Round "1"]
[White "ProChessWICTH"]
[Black "Hikaru"]
[Result "0-1"]
[WhiteElo "2542"]
[BlackElo "3241"]
[TimeControl "180+1"]
[EndTime "8:08:43 PST"]
[Termination "Hikaru won by resignation"]

1. e4 a6 2. Bc4 b5 3. Bxf7+ Kxf7 4. Qh5+ g6 5. Qd5+ e6 6. Qxa8 Nc6 7. Nf3 Nf6 8. d3 Bc5 9. O-O Qe7 10. Bh6 Re8 11.
c3 Bb6 12. Bg5 Qf8 13. d4 Na5 14. Ne5+ Kg7 15. Bxf6+ Qxf6 16. b4 Nb7 17. Qxa6 Nd6 18. Qa3 Nxe4 19. Qc1 d6 20. Nd3 Bb7 21. Nd2 Ng5 22. f3 e5 23. Ne4 Nxe4 24. fxe4 Qh4 25. Kh1 Qxe4 26. Qd2 Qg4 27. Rae1 e4 28. Nf2 Qe6 29.
Nd1 Ra8 30. Ne3 Rxa2 31. Qd1 h5 32. Re2 Ra3 33. Qc1 Ra2 34. Ref2 Rxf2 35. Rxf2 d5 36. Qe1 c6 37. Rf1 Bc7 38. Qf2 Qe7 39. g3 Bc8 40. Ng2 Bh3 41. Re1 Bg4 42. Ne3 Bh3 43. Kg1 Bd8 44.
Ng2 Qa7 45. Nf4 Bg4 46. h3 Bd7 47. Qe3 Qc7 48. Kh2 Qd6 49. Rf1 h4 50. Ne2 Qe6 51. g4 Bc7+ 52. Kg2 Qd6 53. Qf4 Qxf4 54. Nxf4 Bd8 55.
Ne2 Bg5 56. Rf2 Bd2 57. Rf1 Be8 58. Kf2 g5 59. Rd1 e3+ 60. Kf1 Bg6 61. Ng1 Bd3+ 62. Ne2 Bc4 63. Ra1 Bxc3 64. Ra7+ Kf8 65. Ra8+ Ke7 66.
Rg8 Bxd4 67. Rxg5 Bf6 68. Rf5 d4 69. g5 Bg7 70. Rf4 d3 71. Re4+ Kd6 72. Rxe3 d2 73. g6 d1=Q+ 74. Kf2 Qxe2+ 75. Rxe2 Bxe2 76. Kxe2 Ke5 77. Kf3 Kf5 0-1

[Event "Early-Titled-Tuesday-Blitz-February-27-2024"]
[Site "Chess.com"]
[Date "2024.02.27"]
[Round "1"]
[White "joksijoksi"]
[Black "dretch"]
[Result "0-1"]
[WhiteElo "2493"]
[BlackElo "2880"]
[TimeControl "180+1"]
[EndTime "8:08:44 PST"]
[Termination "dretch won by resignation"]

1. e4 e6 2. d4 d5 3. exd5 exd5 4.
Bd3 Nc6 5. c3 Bd6 6. h3 Nf6 7.
Nf3 O-O 8. O-O h6 9. Re1 Re8 10.
Nbd2 Rxe1+ 11. Qxe1 Bd7 12. Nf1 Qf8 13. Be3 Re8 14.
Qd2 Ne4 15. Qc2 b6 16. Re1 Nf6 17. Bc1 Rxe1 18. Nxe1 Qe7 19. Qe2 Be6 20. f4 Bd7 21. Ng3 Qxe2 22. Bxe2 Ne7 23. Bd3 c5 24. Kf2 h5 25.
Nf3 g6 26. Be3 c4 27. Bc2 b5 28. a3 a5 29. Ne5 h4 30. Ne2 Bf5 31. Bxf5 Nxf5 32.
Nc6 Bc7 33. Kf3 Bb6 34. g4 hxg3 35. Nxg3 Nh4+ 36. Ke2 Kf8 37. Bf2 Ke8 38. Ne4 Nxe4 39. Bxh4 f6 40. Nb8 Ke7 41. Na6 Kd6 42. Bf2 f5 43.
Be3 Kc6 44. Kf3 Kb7 45. Nc5+ Bxc5 46. dxc5 Kc6 47. h4 Nxc5 48. Kg3 Ne4+ 49. Kh3 Nf6 50.
Bd4 Ne4 51. h5 gxh5 52. Kh4 Kd7 53. Kxh5 Ke6 54. Kg6 Ng3 55. Be5 Ne2 56. Kg5 Nc1 57.
Bd4 Nd3 58. Bb6 a4 59. Ba5 Nxb2 60. Bb4 Nd3 61. Bf8 Nf2 62. Kg6 Ne4 63. Bb4 Nd2 64. Bc5 Nf3 65. Bb4 Ne1 66. Kg5 Nc2 67. Bf8 Na1 68. Bb4 Nb3 69. Bf8 d4 70. cxd4 Nxd4 71. Bb4 Nc2 72. Bf8 Na1 73. Bb4 Nb3 74. Bc3 Nc5 75. Bb4 Ne4+ 76. Kg6 c3 77. Bc5 Nxc5 0-1